 Dungeon Crawl Stone Soup version 0.26-a0-771-g060e6a62af (webtiles) character file.

Game seed: 3918322712244584760

90 somkeydreadnuts the Magician (level 4, -6/24 HPs)
             Began as a Deep Elf Conjurer on Nov 8, 2020.
             Mangled by an orc
             ... wielding a +0 hand axe
              (7 damage)
             ... on level 3 of the Dungeon.
             The game lasted 00:09:27 (2073 turns).

somkeydreadnuts the Magician (Deep Elf Conjurer)    Turns: 2073, Time: 00:09:27

Health: -6/24      AC:  2    Str:  4    XL:     4   Next: 32%
Magic:  1/14       EV: 13    Int: 24    God:
Gold:   125        SH:  0    Dex: 13    Spells: 14/15 levels left

rFire    . . .     SeeInvis .   d - +0 mace (holy)
rCold    . . .     Faith    .   (no shield)
rNeg     . . .     Spirit   .   a - +0 robe
rPois    .         Reflect  .   (no helmet)
rElec    .         Harm     .   (no cloak)
rCorr    .         Rampage  .   (no gloves)
MR       .....                  (no boots)
Stlth    ++........             (no amulet)
HPRegen  0.08/turn              (no ring)
MPRegen  0.14/turn              (no ring)

@: no status effects
A: no striking features
a: no special abilities


You were on level 3 of the Dungeon.
You visited 1 branch of the dungeon, and saw 3 of its levels.

You collected 125 gold pieces.

Inventory:

Hand Weapons
 d - a +0 mace of holy wrath (weapon)
Armour
 a - a +0 robe (worn)
Jewellery
 e - an uncursed ring of resist corrosion
Scrolls
 b - 4 scrolls of identify
 c - 2 scrolls of teleportation {unknown}
 f - 2 scrolls of magic mapping {unknown}
 n - a scroll of remove curse
 q - a scroll of amnesia {unknown}
Potions
 g - 2 potions of curing
 h - 2 potions of might
 i - a potion of haste {unknown}
 j - a potion of brilliance {unknown}
 k - a potion of degeneration {unknown}
 l - a potion of ambrosia {unknown}
 m - a potion of attraction {unknown}
 o - a potion of cancellation {unknown}
 p - a potion of berserk rage {unknown}
 r - a potion of flight {unknown}


   Skills:
 - Level 2.4 Dodging
 - Level 2.4 Stealth
 + Level 6.3 Spellcasting
 - Level 4.3 Conjurations


You had 14 spell levels left.
You knew the following spells:

 Your Spells              Type           Power        Failure   Level
a - Magic Dart            Conj           ####         1%          1

Your spell library contained the following spells:

 Spells                   Type           Power        Failure   Level
 Searing Ray              Conj           ####..       1%          2
 Dazzling Flash           Conj/Hex       ###...       10%         3
 Fulminant Prism          Conj/Hex       ###.......   30%         4
 Iskenderun's Mystic Bla  Conj/Tloc      ###.....     30%         4


Dungeon Overview and Level Annotations

Branches:
Dungeon (3/15)

Altars:
Kikubaaqudgha
Trog


Message History

You kill the orc!
The orc hits you but does no damage.
Casting: Magic Dart (safe; 1% risk of failure)
Confirm with . or Enter, or press ? or * to list all spells.
Aiming: Magic Dart (safe; 1% risk of failure)
Press: ? - help, Shift-Dir - straight line, f - orc
Aim: an orc, wielding a +0 hand axe and wearing a +0 ring mail (translocational energy, strong)
The magic dart hits the orc.
The orc is severely wounded.
The adder closely misses you.
You barely miss the orc.
The orc is severely wounded.
The orc hits you with a +0 hand axe!
* * * LOW HITPOINT WARNING * * *
The adder closely misses you. The orc closely misses you.
It was a potion of curing.
You feel better. The adder barely misses you. The adder closely misses you.
The orc hits you with a +0 hand axe!
* * * LOW HITPOINT WARNING * * *
The orc hits you with a +0 hand axe!
You die...

#...####.. #).....# #
#..###.### ##.# #.# #.#
#.# ### ###.# #.# #.#
#...## #.###.##
#####....####.o##..###
#......_.....@S.Ko..$#
#.####....#######oo#..#
##...# #...# # #.###
#.#... #.# ......# #.#
......# #$# ......# #.#
......S.


You could see an orc wizard (fast), an adder, 3 orcs and a kobold.

Vanquished Creatures
  4 adders
  A worm (D:2)
  A dart slug (D:1)
  2 leopard geckos
  An orc (D:3)
  3 giant cockroaches
  9 goblins
  4 hobgoblins
  4 ball pythons
  5 bats
  2 frilled lizards (D:1)
  3 kobolds
  11 rats
50 creatures vanquished.

Vanquished Creatures (others)
  7 plants (D:2)
7 creatures vanquished.

Grand Total: 57 creatures vanquished

Notes
Turn   | Place    | Note
-------+----------+-------------------------------------------
     0 | D:1      | somkeydreadnuts the Deep Elf Conjurer began the quest for
                  | the Orb.
     0 | D:1      | Reached XP level 1. HP: 10/10 MP: 6/6
     9 | D:1      | Noticed a bullfrog
   245 | D:1      | Reached skill level 4 in Spellcasting
   245 | D:1      | Reached XP level 2. HP: 15/15 MP: 6/9
  1032 | D:2      | Reached skill level 5 in Spellcasting
  1032 | D:2      | Reached XP level 3. HP: 19/19 MP: 5/11
  1332 | D:2      | Noticed a moth of wrath
  1335 | D:2      | Found a bloodstained altar of Trog.
  1539 | D:2      | Reached XP level 4. HP: 20/24 MP: 6/13
  1569 | D:2      | Reached skill level 6 in Spellcasting
  1797 | D:2      | Found a faded altar of an unknown god.
  2029 | D:3      | Found an ancient bone altar of Kikubaaqudgha.
  2072 | D:3      | HP: 1/24 [orc/+0 hand axe (8)]
  2073 | D:3      | Mangled by an orc

Illustrated notes

Levels and vault maps discovered:
D:1:      evilmike_arrival_come_back, layout_basic
D:2:      layout_rooms, tgw_trog, chequers_ecumenical_altar_twisty,
          minmay_liquid_box, minivault_11, serial_bayou_lake_a
D:3:      layout_rooms, nicolae_overflow_crystal_walls

Skill      XL: |  1  2  3  4 |
---------------+-------------+-----
Spellcasting   | 4 5 6 |  6.3
Dodging        | |  2.4
Stealth        | |  2.4
Conjurations   | |  4.3

Action                   |  1- 3 |  4- 6 || total
-------------------------+-------+-------++-------
Melee: Mace              |       |     2 ||     2
 Cast: Magic Dart        |    69 |    32 ||   101
  Use: Scroll            |     2 |       ||     2
       Potion            |       |     1 ||     1
Armor: Robe              |     2 |     3 ||     5
Dodge: Dodged            |     4 |    12 ||    16

Table legend: (Time is in decaauts)
 A = Elapsed time spent in this place.
 B = Non-inter-level travel time spent in this place.
 C = Inter-level travel time spent in this place.
 D = Time resting spent in this place.
 E = Time spent auto-exploring this place.
 F = Levels seen in this place.
 G = Mean time per level.
                   A        B        C        D        E       F      G
               +--------+--------+--------+--------+--------+-----+--------+
         Total |   2093 |   2093 |      0 |      0 |   1596 |   3 |  697.7 |
       Dungeon |   2093 |   2093 |      0 |      0 |   1596 |   3 |  697.7 |
               +--------+--------+--------+--------+--------+-----+--------+

Top non-repeatable levels by time:
     D:1: 1002 daAuts
     D:2: 915 daAuts
     D:3: 175 daAuts
